 Dungeon Crawl Stone Soup version 0.27.1-1-g398f81649c (webtiles) character file.

Game seed: 1572370706951481036

4 ZARRMARR the Cutter (level 1, 0/16 HPs)
             Began as an Octopode Monk on Sept 9, 2021.
             Slain by a black bear (2 damage)
             ... on level 2 of the Dungeon.
             The game lasted 00:00:51 (712 turns).

ZARRMARR the Cutter (Octopode Monk)                  Turns: 712, Time: 00:00:52

Health: 0/16       AC:  1    Str: 10    XL:     1   Next: 70%
Magic:  1/1        EV: 14    Int: 12    God:
Gold:   51         SH:  0    Dex: 14    Spells: 0/0 levels left

rFire    . . .     SeeInvis .   a - +0 short sword
rCold    . . .     Faith    .   (no shield)
rNeg     . . .     Spirit   .   (helmet restricted)
rPois    .         Reflect  .   (no amulet)
rElec    .         Harm     .   (no ring)
rCorr    .         Rampage  .   (no ring)
Will     .....                  (no ring)
Stlth    +++.......             (no ring)
HPRegen  0.05/turn              (no ring)
MPRegen  0.07/turn              (no ring)
                                (no ring)
                                (no ring)

@: no status effects
A: almost no armour, amphibious, 8 rings, camouflage 1, gelatinous body 1,
(nimble swimmer 1), tentacles
a: no special abilities


You were on level 2 of the Dungeon.
You visited 1 branch of the dungeon, and saw 2 of its levels.

You collected 51 gold pieces.

Inventory:

Hand Weapons
 a - a +0 short sword (weapon)
Scrolls
 b - a scroll of teleportation {unknown}
 d - a scroll of identify {unknown}
Potions
 c - a potion of heal wounds {unknown}


   Skills:
 + Level 3.0 Fighting
 + Level 3.1 Short Blades
 + Level 3.0 Dodging
 + Level 2.7 Stealth


You couldn't memorise any spells.
You didn't know any spells.
Your spell library was empty.

Dungeon Overview and Level Annotations

Branches:
Dungeon (2/15)

Altars:


Innate Abilities, Weirdness & Mutations

You cannot wear most types of armour.
You are amphibious.
You can wear up to eight rings at the same time.
Your skin changes colour to match your surroundings (Stealth+).
Your rubbery body absorbs attacks. (AC +1, EV +1)
((You are camouflaged near water. (Stealth+)))
You have tentacles for arms and can constrict up to eight enemies at once.


Message History

There is a stone staircase leading up here.
A bat comes into view.
A black bear comes into view.
The helpless bat fails to defend itself.
You puncture the bat!
You kill the bat!
The black bear growls angrily.
The black bear barely misses you. x2; The black bear claws you.
You see here a bat corpse.
You hit the black bear. You grab the black bear. You squeeze the black bear!
The black bear is heavily wounded.
You constrict the black bear, but do no damage.
The black bear closely misses you. The black bear claws you.
The black bear barely misses you.
You hit the black bear but do no damage.
The black bear is heavily wounded.
You constrict the black bear, but do no damage.
The black bear bites you. The black bear closely misses you.
The black bear claws you.
You are too injured to fight recklessly!
You are too injured to fight recklessly!
You are too injured to fight recklessly!
You are too injured to fight recklessly!
You are too injured to fight recklessly!
You are too injured to fight recklessly!
You hit the black bear.
The black bear is severely wounded.
You constrict the black bear.
The black bear goes berserk!
You hit the black bear.
The black bear is severely wounded.
You constrict the black bear. The black bear completely misses you.
The black bear barely misses you. The black bear claws you.
* * * LOW HITPOINT WARNING * * *
The black bear barely misses you. The black bear claws you.
* * * LOW HITPOINT WARNING * * *
The black bear closely misses you.
You hit the black bear. Your squeeze misses the black bear.
The black bear is almost dead.
You constrict the black bear. The black bear bites you.
You die...

.#######<# #.#
#.# #.## ####.
#..# ..... ##.#
..≈... ##.##
#.≈≈≈≈.
..##...##.≈≈≈≈≈.
#.......@h≈≈≈≈≈≈
#.##...###.≈≈≈≈≈
# ##.## .≈≈≈≈
#.# .≈≈≈ #.. .≈§
#.. .≈ #. ≈


You could see a black bear (berserk).

Vanquished Creatures
  A ball python (D:1)
  3 bats
  A frilled lizard (D:1)
  A goblin (D:1)
  A kobold (D:1)
7 creatures vanquished.

Notes
Turn   | Place    | Note
-------+----------+-------------------------------------------
     0 | D:1      | ZARRMARR the Octopode Monk began the quest for the Orb.
     0 | D:1      | Reached XP level 1. HP: 16/16 MP: 1/1
   704 | D:2      | Noticed a black bear
   712 | D:2      | Slain by a black bear

Illustrated notes

Levels and vault maps discovered:
D:1:      dpeg_arrival_round_a, layout_loops_ring, minivault_26
D:2:      layout_loops_ring, lemuel_old_faithful

Action                   || total
-------------------------++-------
Melee: Short sword       ||    15
       Constrict         ||     4
       Tentacles         ||     2
 Stab: Sleeping          ||     3
Armor: Skin              ||     1
Dodge: Dodged            ||    17
